Map: Bridgehead LE (Void)

Players

RayReign - Winner!

  • Race: Protoss Protoss
  • League: Diamond

NoRegreT

  • Race: Zerg Zerg
  • League: Diamond

Event: ASL Season 5 Prime League LOTV Beta

VOD

Have the link to the VOD?

Description

Time

  • Played on: Sept. 22, 2015, 7:33 p.m.
  • Length: 14:37

All games in this series

Show
View Real Time Build Order
Export as new Build Order

RayReign Protoss - Winner!

Build Orders: 1 Gate Expand 

Get SALT Encoding   

  12  0:00  Probe (Chrono Boost)  
  13  0:10  Probe (Chrono Boost)  
  14  0:18  Pylon  
  14  0:22  Probe (Chrono Boost)  
  15  0:35  Probe (Chrono Boost)  
  15  0:38  Gateway  
  16  0:45  Probe (Chrono Boost)  
  17  0:55  Probe (Chrono Boost)  
  18  0:58  Assimilator  
  18  1:05  Probe (Chrono Boost)  
  19  1:15  Probe (Chrono Boost)  
  20  1:25  Nexus  
  20  1:26  Probe (Chrono Boost)  
  21  1:37  Cybernetics Core  
  21  1:43  Pylon  
  21  1:45  Probe (Chrono Boost)  
  22  1:51  Assimilator  
  22  1:57  Probe (Chrono Boost)  
  23  2:07  Probe (Chrono Boost)  
  24  2:15  Pylon  
  24  2:17  Mothership Core (Chrono Boost), Adept  
  24  2:18  Warp Gate (Chrono Boost)  
  28  2:35  Probe (Chrono Boost)  
  29  2:38  Probe (Chrono Boost)  
  32  2:44  Adept  
  32  2:48  Probe (Chrono Boost)  
  32  2:49  Probe (Chrono Boost)  
  34  2:55  Robotics Facility  
  34  3:10  Gateway  
  34  3:13  Gateway  
  34  3:17  Probe  
  34  3:19  Probe  
  34  3:31  Probe  
  34  3:33  Probe  
  36  3:40  Pylon  
  36  3:42  Probe, Pylon  
  36  3:44  Immortal (Chrono Boost)  
  41  3:53  Gateway  
  41  3:57  Probe  
  41  4:01  Probe  
  43  4:08  Pylon  
  43  4:09  Pylon  
  43  4:14  Pylon  
  43  4:18  Pylon  
  38  4:24  Probe x2  
  34  4:35  Adept x2  
  34  4:36  Probe x2  
  39  4:44  Adept  
  41  4:48  Probe  
  42  4:56  Adept x2  
  45  5:09  Adept  
  45  5:12  Immortal (Chrono Boost)  
  49  5:34  Adept x2  
  43  5:38  Probe (Chrono Boost)  
  43  5:40  Probe (Chrono Boost)  
  37  5:48  Probe (Chrono Boost)  
  38  5:53  Adept  
  40  6:01  Pylon  
  36  6:12  Adept  
  36  6:18  Adept  
  38  6:19  Probe (Chrono Boost)  
  35  6:28  Adept  
  37  6:37  Probe (Chrono Boost)  
  38  6:47  Probe (Chrono Boost)  
  38  6:48  Adept x2  
  39  7:04  Adept  
  41  7:14  Immortal (Chrono Boost)  
  45  7:31  Adept  
  45  7:32  Adept x2  
  41  7:54  Warp Prism (Chrono Boost)  
  43  7:58  Sentry x3  
  49  8:11  Pylon  
  49  8:24  Observer (Chrono Boost)  
  50  8:29  Adept  
  52  8:39  Sentry x2  
  56  8:54  Adept  
  58  8:59  Gateway  
  58  9:11  Adept  
  60  9:24  Pylon  
  60  9:26  Pylon  
  60  9:28  Adept  
  62  9:56  Adept  
  62  9:58  Nexus  
  64  10:13  Adept  
  65  10:31  Adept  
  65  10:32  Adept  
  69  10:48  Nexus  
  69  10:52  Adept  
  69  10:57  Adept  
  69  11:06  Adept  
  67  11:27  Pylon  
  65  11:41  Adept x2  
  69  11:47  Adept  
  40  12:25  Adept  
  40  12:29  Adept  
  35  13:03  Warp Prism (Chrono Boost)  
  36  13:18  Adept  
  36  13:19  Adept  
  40  13:32  Adept  
  42  14:00  Adept x2  
  42  14:02  Sentry  
  46  14:24  Sentry x2  
  48  14:28  Adept  
Show
View Real Time Build Order
Export as new Build Order

NoRegreT Zerg 

Build Orders: 3 Hatch before Pool 

Get SALT Encoding   

  12  0:02  Drone  
  13  0:11  Drone  
  14  0:22  Extractor  
  14  0:23  Drone  
  14  0:24  Drone, Extractor  
  16  0:29  Overlord  
  16  0:50  Hatchery  
  16  0:53  Drone  
  16  0:57  Drone  
  17  1:00  Drone  
  18  1:12  Drone  
  19  1:27  Hatchery  
  19  1:32  Extractor  
  17  1:39  Spawning Pool  
  16  1:41  Drone  
  16  1:44  Drone  
  18  1:49  Drone  
  19  1:58  Overlord  
  19  2:02  Drone  
  19  2:03  Drone  
  21  2:14  Drone x2  
  23  2:25  Queen  
  23  2:28  Queen  
  27  2:37  Metabolic Boost  
  27  2:44  Spine Crawler  
  26  2:47  Spine Crawler  
  25  2:53  Queen  
  25  2:56  Zergling x2  
  28  2:59  Zergling x2  
  28  3:03  Zergling x4  
  31  3:06  Zergling x2  
  31  3:09  Zergling x2  
  33  3:17  Extractor  
  32  3:26  Zergling x12  
  37  3:32  Zergling x4  
  39  3:35  Zergling x2  
  39  3:37  Zergling x2  
  41  3:41  Zergling x2  
  42  3:50  Overlord  
  41  4:04  Zergling x2  
  40  4:10  Zergling x2  
  40  4:15  Zergling x2  
  41  4:20  Zergling x2  
  41  4:21  Overlord  
  41  4:23  Zergling x2  
  41  4:29  Zergling x2  
  41  4:33  Zergling x2  
  41  4:37  Zergling x2  
  41  4:41  Zergling x10  
  41  4:42  Zergling x6  
  41  4:45  Zergling x2  
  50  4:46  Zergling x2  
  47  4:53  Zergling x4  
  47  4:54  Zergling x2  
  47  4:55  Zergling x2  
  47  4:57  Overlord  
  47  5:11  Zergling x6  
  50  5:16  Zergling x2  
  50  5:17  Zergling x6  
  50  5:20  Zergling x2  
  55  5:27  Zergling x4  
  50  5:29  Zergling x2  
  50  5:32  Zergling x2  
  44  5:35  Zergling x2  
  44  5:37  Zergling x2  
  44  5:40  Zergling x2  
  44  5:42  Zergling x2  
  42  5:47  Zergling x4  
  42  5:53  Zergling x2  
  42  5:54  Zergling x2  
  44  5:57  Zergling x2  
  45  6:07  Zergling x6  
  45  6:08  Zergling x2  
  45  6:10  Zergling x2  
  46  6:14  Zergling x2  
  46  6:18  Zergling x4  
  44  6:21  Zergling x2  
  42  6:25  Zergling x2  
  42  6:26  Zergling x2  
  42  6:29  Zergling x2  
  44  6:33  Zergling x2  
  44  6:36  Zergling x2  
  45  6:40  Zergling x2  
  45  6:41  Zergling x2  
  42  6:48  Zergling x2  
  42  6:51  Zergling x4  
  42  6:52  Zergling x2  
  40  6:55  Zergling x2  
  40  6:57  Zergling x2  
  42  7:01  Zergling x2  
  42  7:05  Zergling x2  
  42  7:07  Zergling x2  
  43  7:09  Zergling x2  
  43  7:16  Zergling x4  
  43  7:18  Zergling x2  
  43  7:33  Zergling x6  
  44  7:40  Zergling x8  
  44  7:44  Zergling x2  
  40  7:47  Zergling x2  
  34  7:56  Zergling x6  
  35  8:03  Zergling x2  
  36  8:06  Drone x2  
  36  8:12  Evolution Chamber  
  37  8:16  Zergling x4  
  39  8:20  Zergling x2  
  40  8:31  Zergling x6  
  42  8:36  Zergling x2  
  42  8:39  Zergling x2  
  42  8:46  Zergling x2  
  42  8:47  Zergling x2  
  43  8:49  Zergling x2  
  43  8:52  Zergling x2  
  44  9:03  Zergling x2  
  44  9:07  Zergling x6  
  44  9:08  Zergling x2  
  49  9:15  Zergling x4  
  51  9:21  Zerg Melee Weapons Level 1  
  47  9:41  Zergling x2  
  47  9:42  Zergling x12  
  51  9:49  Overlord  
  51  9:54  Overlord  
  51  10:00  Zergling x2  
  51  10:04  Zergling x4  
  51  10:08  Zergling x2  
  51  10:10  Zergling x4  
  51  10:12  Zergling x2  
  53  10:15  Zergling x2  
  53  10:17  Zergling x2  
  55  10:22  Zergling x2  
  55  10:24  Zergling x2  
  52  10:40  Zergling x4  
  52  10:41  Zergling x4  
  56  10:45  Zergling x4  
  56  10:48  Zergling x2  
  56  10:49  Zergling x2  
  43  11:06  Zergling x6  
  33  11:15  Zergling x4  
  33  11:25  Zergling x6  
  35  11:30  Zergling x2  
  35  11:32  Zergling x2  
  37  11:36  Zergling x2  
  37  11:41  Zergling x2  
  37  11:43  Zergling x2  
  36  11:49  Zergling x2  
  33  11:54  Zergling x2  
  33  11:56  Zergling x2  
  28  12:02  Zergling x2  
  28  12:04  Zergling x2  
  12  12:23  Zergling x2  
  10  12:31  Zergling x2  
  11  12:37  Drone  
  12  12:45  Drone  
  12  12:59  Zergling x2  
  12  13:00  Zergling x2  
  14  13:12  Drone x2  
  14  13:16  Drone  
  15  13:21  Drone  
  16  13:32  Zergling x4  
  18  13:36  Zergling x2  
  18  13:41  Zergling x2  
  20  13:45  Zergling x2  
  21  13:50  Zergling x2  
  21  13:52  Zergling x2  
  23  13:57  Zergling x2  
  23  14:01  Zergling x2  
  25  14:05  Zergling x2  
  25  14:09  Zergling x2  
Tags
 
Add a new tag
Caveats
  • Supply blocks, unpowered buildings, or Contaminate may cause inaccurate times.
  • Supply counts are checked every 10 seconds.